 Dungeon Crawl Stone Soup version 0.30-a0-964-gd452b5e7fa (webtiles) character file.

Game seed: 2551362438543854461

2893 jasper the Destroyer (level 9, 0/52 HPs)
             Began as a Tengu Conjurer on Mar 30, 2023.
             Was a Believer of Vehumet.
             Succumbed to a killer bee's poison
             ... on level 8 of the Dungeon.
             The game lasted 00:20:03 (9334 turns).

jasper the Destroyer (Tengu Conjurer)               Turns: 9334, Time: 00:20:04

Health: 0/52       AC:  4    Str:  6 (8)  XL:     9   Next: 77%
Magic:  8/21       EV: 16    Int: 27 (28) God:    Vehumet [**....]
Gold:   134        SH:  6    Dex: 12 (13) Spells: 4/23 levels left

rFire   . . .      SeeInvis .    v - staff of conjuration
rCold   . . .      Faith    .    w - +1 buckler
rNeg    . . .      Spirit   .    (no body armour)
rPois   .          Reflect  .    (helmet restricted)
rElec   .          Rampage  .    (no cloak)
rCorr   .                        (no gloves)
Will    .....                    (boots unavailable)
Stlth   ++                       (no amulet)
HPRegen 0.28/turn                b - +6 ring of intelligence
MPRegen 0.17/turn                c - +4 ring of protection

@: lethally poisoned (0 -> -7), flying quickly and evasively, quick
A: beak, talons 3, nimble flight
a: Renounce Religion


You were on level 8 of the Dungeon.
You worshipped Vehumet.
Vehumet was pleased with you.
You visited 2 branches of the dungeon, and saw 9 of its levels.

You collected 342 gold pieces.
You spent 208 gold pieces at shops.

Inventory:

Hand Weapons
 f - a +1 dagger of venom
 j - a +0 dagger of pain
 m - a +2 flail of draining
Missiles
 i - 2 curare-tipped darts
Armour
 a - a +0 robe
 p - a +0 leather armour of willpower
 w - a +1 buckler (worn)
 F - +0 steam dragon scales
Magical Staves
 v - a staff of conjuration (weapon)
 y - a staff of air
Jewellery
 b - a +6 ring of intelligence (left hand)
 c - a +4 ring of protection (right hand)
 l - an amulet of guardian spirit
 t - a +6 ring of strength
 u - a ring of positive energy
Wands
 n - a wand of flame (22)
 A - a wand of charming (7)
 E - a wand of digging (9)
Scrolls
 e - a scroll of amnesia
 k - a scroll of teleportation
 r - a scroll of poison
 s - a scroll of fear
 B - 2 scrolls of immolation
 C - 2 scrolls of blinking
 D - a scroll of magic mapping
Potions
 d - a potion of lignification
 g - a potion of attraction
 h - 2 potions of mutation
 x - a potion of brilliance {unknown}
 z - a potion of heal wounds {unknown}


   Skills:
 + Level 4.4 Fighting
 + Level 5.4 Dodging
 - Level 2.0 Stealth
 - Level 4.0 Shields
 + Level 7.5 Spellcasting
 + Level 9.1 Conjurations
 - Level 2.0 Hexes
 - Level 2.0 Translocations
 + Level 1.2 Fire Magic


You had 4 spell levels left.
You knew the following spells:

 Your Spells              Type           Power      Damage    Failure   Level
a - Magic Dart            Conj           100%       1d8       1%          1
b - Searing Ray           Conj           100%       2d8       1%          2
c - Fulminant Prism       Conj/Hex       28%        3d14      7%          4
d - Iskenderun's Mystic   Conj/Tloc      57%        2d12      7%          4
e - Fireball              Conj/Fire      27%        3d12      22%         5
f - Mephitic Cloud        Conj/Pois/Air  39%        N/A       6%          3

Your spell library contained the following spells:

 Spells                   Type           Power      Damage    Failure   Level
 Foxfire                  Conj/Fire      100%       2x1d6     1%          1
 Dazzling Flash           Conj/Hex       100%       N/A       2%          3
 Necrotise                Necr           40%        1d6       7%          1
 Sticky Flame             Conj/Fire      55%        2d7       9%          4
 Ignite Poison            Fire/Tmut/Pois 12%        N/A       19%         3
 Vampiric Draining        Necr           10%        2d6       22%         3
 Starburst                Conj/Fire      27%        6d9       77%         6
 Agony                    Necr           10%        N/A       89%         5
 Ignition                 Fire           8%         3d5       100%        8


Dungeon Overview and Level Annotations

Branches:
Dungeon (8/15)             Temple (1/1) D:4
   Lair: D:8-11

Altars:
Ashenzari
Cheibriados
Dithmenos
Elyvilon
Fedhas
Gozag
Hepliaklqana
Kikubaaqudgha
Makhleb
Nemelex Xobeh
Okawaru
Qazlal
Ru
Sif Muna
Trog
Uskayaw
Vehumet
Wu Jian
Zin
The Shining One

Shops:
D:3 =   D:6 ?

Annotations:
D:5 1 runed translucent door, Crazy Yiuf, Ijyb


Innate Abilities, Weirdness & Mutations

You have a beak for a mouth.
You have claws for feet.
Your magical nature lets you fly swiftly and evasively.


Message History

The killer bee is almost dead.
You feel very sick. The killer bee misses you. The killer bee stings you.
* * * LOW HITPOINT WARNING * * *
You are lethally poisoned!
The killer bee poisons you!
You take 8 damage, and have 12/52 hp.
You now have 9/21 mp.
Okay, then.
The searing ray hits the killer bee.
The killer bee is severely wounded.
The searing ray hits the killer bee.
The killer bee is almost dead.
The searing ray misses the killer bee.
* * * LOW HITPOINT WARNING * * *
You feel very sick. The killer bee closely misses you.
The killer bee barely misses you.
You take 2 damage, and have 10/52 hp.
You now have 8/21 mp.
Okay, then.
The searing ray misses the killer bee.
The searing ray hits the killer bee!
You kill the killer bee!
Vehumet accepts your kill.
You feel your power returning.
The searing ray hits the killer bee!
You kill the killer bee!
Vehumet accepts your kill.
You finish channelling your searing ray.
* * * LOW HITPOINT WARNING * * *
You feel very sick. The killer bee barely misses you.
You block the killer bee's attack.
You take 3 damage, and have 7/52 hp.
It was a potion of degeneration.
There was something very wrong with that liquid.
You feel weakened.
You feel dopey.
You feel clumsy.
* * * LOW HITPOINT WARNING * * *
You feel sick. The killer bee stings you.
* * * LOW HITPOINT WARNING * * *
The killer bee misses you.
You take 6 damage, and have 1/52 hp.
It was a potion of flight.
You feel more buoyant.
You die...

# #...# #.........# #
#.#.# ##......### #
#.#.###########.#
###.#.......#####÷#######.
#....<...........÷.......>
......#.#.#.#####.#######.
.#..###.#...### #.# #..
#.###...###.### #..
#......††y@...# ##
#####..#####..# ###.†# #.#
#....# .# #.#.## Y. #.#.#
.# . #.# ## #. ##


You could see a killer bee.

Vanquished Creatures
  A wyvern (D:8)
  6 yaks (D:8)
  A steam dragon (D:8)
  A black bear (D:5)
  An ogre (D:7)
  An orc warrior (D:7)
  A centaur (D:8)
  A kobold brigand (D:4)
  A phantom (D:5)
  4 bullfrogs
  2 killer bees (D:8)
  2 hounds
  A jelly (D:5)
  2 orc priests
  2 sleepcaps
  10 orc wizards
  Terence (D:3)
  8 adders
  18 gnolls
  A shadow imp (D:6)
  2 dart slugs
  2 worms
  53 orcs
  6 endoplasms
  7 goblins
  7 hobgoblins
  20 jackals
  2 quokkas (D:1)
  13 ball pythons
  4 bats
  2 frilled lizards (D:2)
  6 kobolds
  9 rats
198 creatures vanquished.

Vanquished Creatures (others)
  A demonic plant (D:1)
  5 fulminant prisms
  3 plants
  2 withered plants (D:1)
11 creatures vanquished.

Grand Total: 209 creatures vanquished

Notes
Turn   | Place    | Note
-------+----------+-------------------------------------------
     0 | D:1      | jasper the Tengu Conjurer began the quest for the Orb.
     0 | D:1      | Reached XP level 1. HP: 10/10 MP: 4/4
   165 | D:1      | Reached XP level 2. HP: 16/16 MP: 4/6
   619 | D:1      | Found a faded altar of an unknown god.
   692 | D:1      | Learned a level 2 spell: Searing Ray
   782 | D:1      | Reached XP level 3. HP: 20/20 MP: 1/7
  1030 | D:1      | Reached skill level 1 in Fighting
  1377 | D:2      | Reached skill level 6 in Conjurations
  1474 | D:2      | Identified the +2 whip of Incongruity {drain, Int+4}
  1513 | D:2      | Reached XP level 4. HP: 25/25 MP: 3/8
  1520 | D:2      | Learned a level 4 spell: Fulminant Prism
  2118 | D:3      | Noticed Terence
  2126 | D:3      | Killed Terence
  2370 | D:3      | Found Quril's Jewellery Shop.
  2730 | D:3      | Gained mutation: Your magical nature lets you fly swiftly
                  | and evasively. [Tengu growth]
  2730 | D:3      | Reached XP level 5. HP: 25/30 MP: 2/10
  3306 | D:3      | Noticed a phantom
  3819 | D:4      | Found a staircase to the Ecumenical Temple.
  3826 | Temple   | Entered the Ecumenical Temple
  3880 | Temple   | Became a worshipper of Vehumet
  4100 | D:4      | Reached skill level 7 in Conjurations
  4253 | D:4      | Reached XP level 6. HP: 35/35 MP: 7/11
  4494 | D:4      | Reached skill level 1 in Hexes
  4626 | D:4      | Reached * piety under Vehumet
  4626 | D:4      | Offered knowledge of Kiss of Death by Vehumet.
  4830 | D:4      | Learned a level 4 spell: Iskenderun's Mystic Blast
  4879 | D:4      | Reached XP level 7. HP: 37/40 MP: 4/12
  5466 | D:5      | Entered Level 5 of the Dungeon
  5607 | D:5      | Reached skill level 8 in Conjurations
  5954 | D:5      | Found a bloodstained altar of Trog.
  6072 | D:5      | Reached skill level 1 in Translocations
  6108 | D:5      | Reached ** piety under Vehumet
  6110 | D:5      | Offered knowledge of Momentum Strike by Vehumet.
  6217 | D:5      | Found a runed translucent door.
  6218 | D:5      | Noticed Crazy Yiuf
  6360 | D:5      | Reached XP level 8. HP: 46/46 MP: 10/14
  6749 | D:5      | Found a sparkling altar of Nemelex Xobeh.
  6810 | D:5      | Found an ornate altar of the Wu Jian Council.
  6811 | D:5      | Noticed Ijyb
  6925 | D:6      | Found Zipt's Magic Scroll Shoppe.
  6933 | D:6      | Bought a scroll of blinking for 82 gold pieces
  6933 | D:6      | Bought a scroll of immolation for 44 gold pieces
  6933 | D:6      | Bought a scroll of magic mapping for 82 gold pieces
  7322 | D:6      | Noticed a two-headed ogre
  7407 | D:6      | Found a glowing silver altar of Zin.
  7408 | D:6      | Found a sacrificial altar of Ru.
  7409 | D:6      | Found a white marble altar of Elyvilon.
  7409 | D:6      | Found a glowing golden altar of the Shining One.
  7675 | D:7      | Reached skill level 1 in Shields
  7916 | D:7      | Reached skill level 9 in Conjurations
  8137 | D:7      | Found a shimmering blue altar of Sif Muna.
  8588 | D:7      | Reached skill level 5 in Dodging
  8693 | D:7      | Noticed a wraith
  8931 | D:8      | Found a stormy altar of Qazlal.
  8973 | D:8      | Reached XP level 9. HP: 49/52 MP: 10/16
  8979 | D:8      | Learned a level 5 spell: Fireball
  9016 | D:8      | Found a blossoming altar of Fedhas.
  9048 | D:8      | Offered knowledge of Mephitic Cloud by Vehumet.
  9049 | D:8      | Reached skill level 1 in Fire Magic
  9063 | D:8      | Reached skill level 5 in Spellcasting
  9319 | D:8      | Learned a level 3 spell: Mephitic Cloud
  9333 | D:8      | HP: 1/52 [killer bee (4)]
  9334 | D:8      | Succumbed to a killer bee's poison

Illustrated notes

Levels and vault maps discovered:
D:1:      dpeg_arrival_round_c, layout_basic, shapermc_ecumenical_altar_gd,
          minivault_23
D:2:      layout_basic, nicolae_kite_square_tiling_tiny,
          nicolae_concentric_dashed_squares_wild, minmay_misc_feat_alley
D:3:      minmay_octagon_keep, layout_basic, serial_shops, nicolae_square_shop,
          lightli_corner_chamber, uniq_terence
D:4:      lemuel_castle_with_subvaults [lemuel_castle_interior_carwin_1],
          layout_basic, temple_fountains, nicolae_shop_firing_range
D:5:      layout_rooms, kennysheep_mini, mainiacjoe_overflow_alcove_1,
          mainiacjoe_overflow_paths, uniq_crazy_yiuf_cottage, uniq_ijyb
D:6:      layout_gridville, mainiacjoe_overflow_alcove_3, serial_shops, shop
D:7:      layout_basic, lemuel_blue_sif_altar
D:8:      minmay_separated_statues, layout_basic, fedhas_altar_decomposition,
          mainiacjoe_overflow_alcove_2, minmay_strange_pillars
Temple:   compressed_dpeg_circular_temple

Skill      XL: |  1  2  3  4  5  6  7  8  9 |
---------------+----------------------------+-----
Fighting       | 1 2 3 4 |  4.4
Conjurations   | 6 7 8 9 |  9.1
Dodging        | 3 4 5 |  5.4
Spellcasting   | 3 4 7 |  7.5
Hexes          | 1 2 |  2.0
Translocations | 1 2 |  2.0
Shields        | 4 |  4.0
Fire Magic     | 1 |  1.2
Stealth        | |  2.0

Action                     |  1- 3 |  4- 6 |  7- 9 || total
---------------------------+-------+-------+-------++-------
  Melee: Dagger            |     3 |    28 |    44 ||    75
         Kick              |     2 |     7 |    19 ||    28
         Peck              |       |     6 |    12 ||    18
         Punch             |       |     1 |     2 ||     3
         Staff             |       |       |     9 ||     9
         Unarmed           |       |       |    23 ||    23
  Throw: Dart              |       |       |     3 ||     3
   Cast: Magic Dart        |    57 |   105 |    92 ||   254
         Searing Ray       |       |    23 |    38 ||    61
         Fulminant Prism   |       |     1 |     4 ||     5
         Iskenderun's Myst |       |       |     2 ||     2
  Evoke: Wand              |       |       |     2 ||     2
    Use: Scroll            |       |     6 |     6 ||    12
         Potion            |       |     2 |     3 ||     5
 Armour: Robe              |     2 |     3 |    26 ||    31
         Skin              |       |     1 |    11 ||    12
  Dodge: Dodged            |     6 |    41 |   105 ||   152
  Block: Buckler           |       |       |    22 ||    22

Table legend: (Time is in decaauts)
 A = Elapsed time spent in this place.
 B = Non-inter-level travel time spent in this place.
 C = Inter-level travel time spent in this place.
 D = Time resting spent in this place.
 E = Time spent auto-exploring this place.
 F = Levels seen in this place.
 G = Mean time per level.
                   A        B        C        D        E       F      G
               +--------+--------+--------+--------+--------+-----+--------+
         Total |   9051 |   8484 |    567 |   1915 |   5092 |   9 | 1005.7 |
       Dungeon |   8967 |   8433 |    534 |   1915 |   5056 |   8 | 1120.9 |
        Temple |     83 |     50 |     33 |      0 |     36 |   1 |   83.0 |
               +--------+--------+--------+--------+--------+-----+--------+

Top non-repeatable levels by time:
     D:4: 1817 daAuts
     D:3: 1653 daAuts
     D:5: 1308 daAuts
     D:1: 1284 daAuts
     D:7: 953 daAuts
     D:2: 713 daAuts
     D:6: 660 daAuts
     D:8: 576 daAuts
  Temple: 83 daAuts
